 Dungeon Crawl Stone Soup version 0.29.1-14-g9c671dbff4 (webtiles) character file.

Game seed: 6059036961227734740

562 sankara the Chopper (level 7, -6/61 HPs)
             Began as a Hill Orc Fighter on Feb 14, 2023.
             Was an Initiate of Ashenzari.
             Mangled by a gnoll
             ... wielding a +0 halberd
             ... led by a gnoll bouda
              (12 damage)
             ... on level 4 of the Dungeon.
             The game lasted 00:09:03 (2444 turns).

sankara the Chopper (Hill Orc Fighter)              Turns: 2444, Time: 00:09:04

Health: -6/61      AC: 13    Str: 19    XL:     7   Next: 31%
Magic:  7/7        EV:  9    Int: 10    God:    Ashenzari [......]
Gold:   179        SH:  5    Dex: 10    Spells: 6/6 levels left

rFire   . . .      SeeInvis .   a - +0 war axe
rCold   . . .      Faith    .   c - +0 buckler
rNeg    . . .      Spirit   .   j - +0 plate armour
rPois   .          Reflect  .   e - +0 helmet
rElec   .          Harm     .   (no cloak)
rCorr   .          Rampage  .   (no gloves)
Will    .....                   (no boots)
Stlth   ..........              v - amulet of the acrobat
HPRegen 0.20/turn               s - +4 ring of evasion
MPRegen 0.10/turn               (no ring)

@: mighty, weakened
A: no striking features
a: Renounce Religion


You were on level 4 of the Dungeon.
You worshipped Ashenzari.
Ashenzari was noncommittal.
You visited 1 branch of the dungeon, and saw 4 of its levels.

You collected 179 gold pieces.

Inventory:

Hand Weapons
 a - a +0 war axe (weapon)
 l - a +0 sling
Missiles
 u - 5 poisoned darts (quivered)
Armour
 c - a +0 buckler (worn)
 e - a +0 helmet (worn)
 j - a +0 plate armour (worn)
Jewellery
 s - a +4 ring of evasion (left hand)
 v - an amulet of the acrobat (around neck)
Scrolls
 b - 3 scrolls of identify {unknown}
 g - 2 scrolls of amnesia {unknown}
 m - a scroll of fog {unknown}
 n - a scroll of noise {unknown}
 p - a scroll of acquirement {unknown}
 t - a scroll of torment {unknown}
Potions
 f - a potion of attraction {unknown}
 h - 2 potions of degeneration {unknown}
 i - a potion of flight {unknown}
 k - a potion of berserk rage {unknown}
 o - 3 potions of brilliance {unknown}
 q - 2 potions of curing {unknown}
 r - a potion of mutation {unknown}


   Skills:
 + Level 5.4 Fighting
 * Level 6.7 Axes
 + Level 4.9 Armour
 + Level 4.9 Shields


You had 6 spell levels left.
You didn't know any spells.
Your spell library contained the following spells:

 Spells                   Type           Power      Damage    Failure   Level
 Dazzling Flash           Conj/Hex       0%         N/A       100%        3
 Ignite Poison            Fire/Tmut/Pois 0%         N/A       100%        3
 Mephitic Cloud           Conj/Pois/Air  0%         N/A       100%        3
 Agony                    Necr           0%         N/A       100%        5
 Freezing Cloud           Conj/Ice/Air   0%         6-21      100%        5
 Silence                  Hex/Air        0%         N/A       100%        5
 Simulacrum               Ice/Necr       0%         N/A       100%        6
 Polar Vortex             Ice            0%         N/A       100%        9


Dungeon Overview and Level Annotations

Branches:
Dungeon (4/15)
 Temple: D:4-7

Altars:
Ashenzari
Cheibriados
Qazlal
Zin

Shops:
D:1 [


Message History

Grinder hits you.
* * * LOW HITPOINT WARNING * * *
You writhe in agony.
* * * LOW HITPOINT WARNING * * *
The gnoll hits you but does no damage.
Unknown command.
You closely miss Grinder.
Grinder is heavily wounded.
Your attacks no longer feel as feeble.
Grinder completely misses you. The gnoll hits you but does no damage.
Grinder barely misses you. The gnoll barely misses you.
You slash Grinder!
Grinder is severely wounded.
Grinder hits you but does no damage. The gnoll closely misses you.
You slash Grinder!
Grinder is almost dead.
The gnoll is no longer moving quickly.
Grinder barely misses you. The gnoll hits you but does no damage.
You closely miss Grinder.
Grinder is almost dead.
Grinder hits you but does no damage.
The gnoll bouda gazes fiercely through you!
You feel your attacks grow feeble.
The gnoll hits you from afar with a +0 halberd.
* * * LOW HITPOINT WARNING * * *
You closely miss Grinder.
Grinder is almost dead.
Grinder hits you but does no damage. The gnoll barely misses you.
You slash Grinder!
You kill Grinder!
The gnoll misses you.
The gnoll bouda barks out a call to the hunt!
The gnoll picks up the pace!
The adder bites you but does no damage. The gnoll hits you but does no damage.
You have reached level 7!
You barely miss the adder. The adder bites you but does no damage.
The gnoll bouda gazes fiercely through you!
You feel as though you will be weak longer.
The gnoll hits you from afar with a +0 halberd!
You die...

..#.#. . #..!.. ##
.. ...... .# ..
#...#.####.#.#
#>..........
..........#####
#....gg......# #
.....#S#..##.# #
..#
#@#..##.####### #
#.#............ #
#.#.###.##########
#.#.# #...........
#.#.# ############
#.#.# #.### #.#


You could see a gnoll bouda, a gnoll (swift) and an adder.

Vanquished Creatures
  Grinder (D:4)
  A phantom (D:4)
  A hound (D:4)
  Natasha (thrice) (D:2)
  Terence (D:2)
  Robin (D:2)
  3 gnolls (D:4)
  3 adders
  A worm (D:2)
  An orc (D:3)
  5 endoplasms
  2 giant cockroaches
  17 goblins
  13 hobgoblins
  6 quokkas
  8 ball pythons
  3 bats (D:2)
  3 frilled lizards
  9 kobolds
  3 rats
85 creatures vanquished.

Notes
Turn   | Place    | Note
-------+----------+-------------------------------------------
     0 | D:1      | sankara the Hill Orc Fighter began the quest for the Orb.
     0 | D:1      | Reached XP level 1. HP: 19/19 MP: 1/1
    17 | D:1      | Reached skill level 3 in Axes
    20 | D:1      | Reached XP level 2. HP: 23/27 MP: 2/2
   362 | D:1      | Found Qicih's Armour Shop.
   367 | D:1      | Reached XP level 3. HP: 33/33 MP: 3/3
   578 | D:1      | Found a faded altar of an unknown god.
   700 | D:2      | Noticed Robin
   744 | D:2      | HP: 1/33 [Robin/+0 club (3)]
   746 | D:2      | Killed Robin
   747 | D:2      | Reached skill level 4 in Axes
   846 | D:2      | Reached XP level 4. HP: 38/40 MP: 4/4
   862 | D:2      | Noticed Natasha
   868 | D:2      | Killed Natasha
  1221 | D:2      | Noticed Terence
  1228 | D:2      | Killed Terence
  1229 | D:2      | Reached XP level 5. HP: 47/47 MP: 5/5
  1260 | D:2      | Found a stormy altar of Qazlal.
  1346 | D:2      | Noticed Natasha
  1351 | D:2      | Killed Natasha
  1352 | D:2      | Reached skill level 5 in Axes
  1492 | D:2      | Noticed Natasha
  1496 | D:2      | Killed Natasha
  2145 | D:3      | Found a glowing silver altar of Zin.
  2146 | D:3      | Found a stormy altar of Qazlal.
  2146 | D:3      | Found a snail-covered altar of Cheibriados.
  2148 | D:3      | Found a broken altar of Ashenzari.
  2163 | D:3      | Became a worshipper of Ashenzari the Shackled
  2290 | D:3      | Reached XP level 6. HP: 53/53 MP: 6/6
  2415 | D:4      | Noticed Grinder
  2428 | D:4      | Reached skill level 5 in Fighting
  2428 | D:4      | Reached skill level 6 in Axes
  2443 | D:4      | Killed Grinder
  2444 | D:4      | Reached XP level 7. HP: 5/61 MP: 7/7
  2444 | D:4      | Mangled by a gnoll

Illustrated notes

Levels and vault maps discovered:
D:1:      scummos_arrival_simple_crosswalls, layout_rooms,
          basic_ecumenical_altar, serial_shops, nicolae_shop_trees,
          kennysheep_decorative_pillar
D:2:      minmay_wonky_spiral, layout_basic, basic_altar, uniq_robin,
          uniq_natasha, uniq_terence
D:3:      layout_basic, chequers_temple_overflow_statue_of_worship,
          wander_ebering_terrifying_dragon_lair
D:4:      layout_basic, minmay_temple_entry_junction, uniq_eustachio,
          uniq_sigmund, uniq_grinder

Skill      XL: |  1  2  3  4  5  6 |
---------------+-------------------+-----
Axes           | 3 4 5 6 |  6.7
Fighting       | 4 5 |  5.4
Shields        | 4 |  4.9
Armour         | 4 |  4.9

Action                   |  1- 3 |  4- 6 |  7- 9 || total
-------------------------+-------+-------+-------++-------
Melee: War axe           |    98 |   116 |     1 ||   215
  Use: Potion            |     1 |     1 |       ||     2
Armor: Scale mail        |    28 |       |       ||    28
       Plate armour      |     3 |    71 |     1 ||    75
Dodge: Dodged            |    40 |    37 |       ||    77
Block: Buckler           |    18 |    24 |       ||    42
